 Dungeon Crawl Stone Soup version 0.19-a0-790-ge39e1af (console) character file.

1078 brucemayne the Cleaver (level 8, -5/57 HPs)
             Began as a Vampire Berserker on June 26, 2016.
             Was a Believer of Trog.
             Slain by an ogre
             ... wielding a +0 giant spiked club
              (26 damage)
             ... on level 6 of the Dungeon.
             The game lasted 00:06:38 (1607 turns).

brucemayne the Cleaver (Vampire Berserker)          Turns: 1607, Time: 00:06:39

Health: -5/57      AC: 13    Str: 18    XL:     8   Next: 8%
Magic:  8/8        EV:  7    Int: 10    God:    Trog [**....]
Gold:   204        SH:  4    Dex: 13    Spells: 0 memorised, 7 levels left

rFire  . . .     SeeInvis +     a - +1 hand axe
rCold  . . .     Gourm    .     d - +0 chain mail
rNeg   + . .     Faith    .     x - +0 buckler
rPois  .         Spirit   .     (no helmet)
rElec  .         Dismiss  .     (no cloak)
rCorr  .         Reflect  .     (no gloves)
SustAt .         Harm     .     (no boots)
MR     .....                    (no amulet)
Stlth  ..........               m - ring of stealth
                                k - +5 ring of protection

@: not resistant to hostile enchantments, extremely unstealthy
A: fangs 3, see invisible, unbreathing
a: Bat Form, Berserk, Trog's Hand, Burn Spellbooks, Renounce Religion


You were on level 6 of the Dungeon.
You worshipped Trog.
Trog was pleased with you.
You were not thirsty.

You visited 1 branch of the dungeon, and saw 7 of its levels.

You collected 204 gold pieces.

Inventory:

Hand Weapons
 a - a +1 hand axe (weapon)
 n - a +2 dagger of venom
Armour
 b - a +0 animal skin
 d - a +0 chain mail (worn)
 p - a +0 ring mail
 x - a +0 buckler (worn)
Jewellery
 k - a +5 ring of protection (left hand)
 m - a ring of stealth (right hand)
Wands
 y - a wand of disintegration (14/24)
Scrolls
 g - a scroll of teleportation {unknown}
 i - 3 scrolls of enchant weapon
 j - a scroll of random uselessness
 o - a scroll of fear {unknown}
 r - a scroll of blinking {unknown}
 u - 2 scrolls of amnesia {unknown}
 v - 3 scrolls of identify
 w - a scroll of magic mapping {unknown}
Potions
 c - 9 potions of blood
 e - a potion of invisibility {unknown}
 f - a potion of degeneration {unknown}
 h - a potion of lignification {unknown}
 l - a potion of heal wounds {unknown}
 q - 2 potions of cancellation {unknown}
 s - 2 potions of agility {unknown}
 t - a potion of mutation {unknown}
 z - a potion of flight {unknown}


   Skills:
 - Level 2.6 Fighting
 - Level 8.8 Axes
 - Level 1.5 Armour
 - Level 2.1 Dodging
 + Level 2.0 Shields


You had 7 spell levels left.
You didn't know any spells.

Dungeon Overview and Level Annotations

Branches:
Dungeon (7/15)
 Temple: D:4-7

Altars:
Cheibriados
Fedhas
Ru

Shops:
D:7 *


Innate Abilities, Weirdness & Mutations

You have razor-sharp teeth.
You have supernaturally acute eyesight. (SInv)
You can survive without breathing.


Message History

The ogre is lightly wounded.
The ogre barely misses you.
You hit the ogre but do no damage.
The ogre is lightly wounded.
You block the ogre's attack.
You hit the ogre but do no damage.
The ogre is lightly wounded.
You slash the ogre!
The ogre is heavily wounded.
The ogre hits you with a giant spiked club!
You hit the ogre but do no damage. You bite the ogre!
The ogre is severely wounded.
You hit the ogre.
The ogre is almost dead.
The crimson imp blinks!
The ogre hits you with a giant spiked club!!
You hit the ogre. You bite the ogre.
The ogre is almost dead.
The ogre hits you with a giant spiked club!!
You die...

#... ########.......##........
##.# ##.............###........
###..###.......##.....###........
...^<..................##........
###.###................##...>....
# #.# #..(........5....#.O....>..
# #.# #.........#.....#..####..##
#.# #.........##....#.## ##.###
###.###........5@O§.....# #..# #
#....##.........#####..## #.## #
#....##.........# ##.# #. #.
#....##.........# #. .. #.
..<..#....[.....# ## ..# ..
.....P.#......%.# #.# #.#
##PPP[.##.....#.# #. #.
#P._PP########.# .. .. #.PP.P# .#
..#


You could see an ogre and a crimson imp.

Vanquished Creatures
  2 hippogriffs (D:7)
  An ice beast (D:6)
  A sky beast (D:7)
  4 ogres
  2 crimson imps (D:5)
  A giant frog skeleton (D:7)
  An orc wizard (D:7)
  Ijyb (D:2)
  A worker ant (D:7)
  An iguana (D:4)
  A killer bee zombie (D:6)
  3 adders
  A shadow imp (D:7)
  2 oozes
  An adder skeleton (D:7)
  An adder zombie (D:6)
  A worm (D:3)
  2 orcs (D:7)
  3 bats (D:1)
  4 giant cockroaches
  4 goblins
  2 hobgoblins (D:1)
  2 jackals (D:7)
  A kobold (D:1)
  3 quokkas
  5 giant newts
  4 rats (D:1)
55 creatures vanquished.

Notes
Turn   | Place    | Note
--------------------------------------------------------------
     0 | D:1      | brucemayne the Vampire Berserker began the quest for the Orb.
     0 | D:1      | Reached XP level 1. HP: 17/17 MP: 1/1
    31 | D:1      | Reached skill level 3 in Axes
   137 | D:1      | Reached XP level 2. HP: 19/23 MP: 2/2
   289 | D:1      | Reached ** piety under Trog
   323 | D:2      | Found a snail-covered altar of Cheibriados.
   364 | D:2      | Reached XP level 3. HP: 24/28 MP: 3/3
   406 | D:2      | Noticed Ijyb
   411 | D:2      | Reached skill level 4 in Axes
   418 | D:2      | Killed Ijyb
   560 | D:2      | Reached XP level 4. HP: 32/34 MP: 4/4
   772 | D:5      | Entered Level 5 of the Dungeon
   772 | D:5      | Noticed an ogre
   779 | D:5      | Killed an ogre
   779 | D:5      | Reached skill level 5 in Axes
   779 | D:5      | Reached XP level 5. HP: 39/39 MP: 5/5
   834 | D:6      | Found a blossoming altar of Fedhas.
   834 | D:6      | Noticed an ice beast
   845 | D:6      | Killed an ice beast
   845 | D:6      | Reached skill level 6 in Axes
   845 | D:6      | Reached XP level 6. HP: 46/46 MP: 6/6
   982 | D:5      | Found a sacrificial altar of Ru.
  1066 | D:5      | Reached skill level 7 in Axes
  1104 | D:7      | Noticed a sky beast
  1124 | D:7      | Killed a sky beast
  1124 | D:7      | Reached XP level 7. HP: 14/51 MP: 7/7
  1197 | D:7      | Noticed a hippogriff
  1210 | D:7      | Killed a hippogriff
  1210 | D:7      | Reached skill level 8 in Axes
  1249 | D:7      | Found Xecweantell's General Store.
  1249 | D:7      | Noticed a hippogriff
  1267 | D:7      | Killed a hippogriff
  1475 | D:7      | Found a sacrificial altar of Ru.
  1560 | D:7      | Reached XP level 8. HP: 57/57 MP: 8/8
  1607 | D:6      | Slain by an ogre

Vault maps used:
D:1:      dpeg_arrival_refuge
D:2:      cheibriados_altar_1, uniq_iyjb
D:3:      first_bread, serial_park_tiny_2, grunt_decor_mini_mirrors,
          guppyfry_early_orc_mine
D:4:      old_standard_altar, sigmund_edmund_badplayer, uniq_pikel
D:5:      led_sif_book, grunt_ministairs_4, lemuel_statue_altar
D:6:      fedhas_altar_3
D:7:      nicolae_overflow_hidden_temple, serial_shops, shop_statue

Skill      XL: |  1  2  3  4  5  6  7 |
---------------+----------------------+-----
Axes           | 3 4 5 6 7 8 |  8.8
Shields        | 2 |  2.0
Fighting       | |  2.6
Armour         | |  1.5
Dodging        | |  2.1

Action                   |  1- 3 |  4- 6 |  7- 9 || total
-------------------------+-------+-------+-------++-------
Melee: Hand axe          |    73 |    87 |    79 ||   239
       Bite              |     8 |    12 |     4 ||    24
Invok: Trog's Hand       |     2 |       |     1 ||     3
       Berserk           |     1 |     3 |     3 ||     7
  Use: Potion            |     1 |     4 |     6 ||    11
       Scroll            |       |       |     3 ||     3
Armor: Chain mail        |    41 |    48 |    45 ||   134
       Animal skin       |     6 |       |       ||     6
Dodge: Dodged            |    27 |    39 |    26 ||    92
Block: Buckler           |       |       |     9 ||     9
